 Dungeon Crawl Stone Soup version 0.28.0-1-gb440e238dd (webtiles) character file.

Game seed: 8060290045369639555

7 Esekla the Skirmisher (level 2, -6/25 HPs)
             Began as a Djinni Abyssal Knight on Feb 20, 2022.
             Was a Follower of Lugonu.
             Mangled by an iguana (10 damage)
             ... on level 1 of the Dungeon.
             The game lasted 00:02:54 (444 turns).

Esekla the Skirmisher (Djinni Abyssal Knight)        Turns: 444, Time: 00:02:55

Health: -6/25      AC:  3    Str: 12    XL:     2   Next: 5%
Gold:   11         EV:  9    Int: 11    God:    Lugonu [*.....] SH:  0 Dex: 13

rFire   + + .      SeeInvis .   a - +1 falchion
rCold   x . .      Faith    .   (no shield)
rNeg    . . .      Spirit   .   b - +0 leather armour
rPois   ∞          Reflect  .   (no helmet)
rElec   .          Harm     .   (no cloak)
rCorr   .          Rampage  .   (no gloves)
Will    .....                   (boots unavailable)
Stlth   +.........              (no amulet)
HPRegen 0.08/turn               (no ring)
MPRegen 0.00/turn               (no ring)

@: flying, constricted
A: sickness immunity, fire resistance 2, cold vulnerability 1, float, innate
caster, HP casting, extra vitality 1
a: Renounce Religion, Depart the Abyss


You were on level 1 of the Dungeon.
You worshipped Lugonu.
Lugonu was aware of your devotion.
You visited 1 branch of the dungeon, and saw 2 of its levels.
You visited the Abyss 1 time.

You collected 11 gold pieces.

Inventory:

Hand Weapons
 a - a +1 falchion (weapon)
 e - a +0 dagger
Missiles
 d - 2 poisoned darts
Armour
 b - a +0 leather armour (worn)
Scrolls
 c - a scroll of fog {unknown}
 f - a scroll of amnesia {unknown}
Potions
 g - a potion of lignification {unknown}


   Skills:
 * Level 3.4 Fighting
 * Level 1.9 Long Blades
 + Level 1.0 Armour
 * Level 2.1 Dodging
 * Level 1.7 Invocations


You had one spell level left.
You didn't know any spells.
Your spell library was empty.

Dungeon Overview and Level Annotations

Branches:
Dungeon (2/15)

Altars:

Annotations:
D:1 Terence


Innate Abilities, Weirdness & Mutations

You are immune to sickness and miasma.
You are immune to poison.
Your flesh is very heat resistant. (rF++)
You are vulnerable to cold. (rC-)
You float through the air rather than walking.
You learn spells naturally, not from books.
Your magical power is your life essence.
You have superior vitality. (+4 MHP)


Message History

You closely miss the kobold. The kobold barely misses you.
The kobold hits you but does no damage.
You closely miss the kobold. The kobold closely misses you.
You closely miss the kobold. The kobold closely misses you.
You closely miss the kobold. The kobold barely misses you.
You hit the kobold but do no damage. The kobold hits you but does no damage.
You hit the kobold.
The kobold is severely wounded.
The kobold closely misses you. The kobold hits you but does no damage.
You barely miss the kobold.
The kobold is severely wounded.
The kobold hits you but does no damage.
You hit the kobold.
You kill the kobold!
Lugonu accepts your kill.
You have reached level 2!
You see here a +0 club.
Found a stone staircase leading down.
An iguana comes into view.
An endoplasm comes into view.
A jelly comes into view.
Found a stone staircase leading up.
The iguana bites you!
The jelly moves out of view.
The iguana barely misses you.
There is a stone staircase leading up here.
The iguana bites you.
You fly upwards.
Level annotation: Terence The ball python hisses angrily.
Found a spear.
There is a stone staircase leading down here.
You closely miss the ball python. The ball python barely misses you.
The ball python grabs you. The ball python constricts you.
The iguana bites you.
* * * LOW HITPOINT WARNING * * *
You barely miss the ball python.
The ball python bites you but does no damage.
The ball python constricts you.
* * * LOW HITPOINT WARNING * * *
The iguana bites you!
You die...

##
###.###########
. ..
......S@l......
.#...
###.###########
##..... ..#....
≈...... ≈≈.....
≈≈..... .≈..###
≈@..#


You could see an iguana and a ball python.

Vanquished Creatures
  A dart slug (D:2)
  3 kobolds (D:2)
4 creatures vanquished.

Notes
Turn   | Place    | Note
-------+----------+-------------------------------------------
     0 | Abyss:1  | Esekla the Djinni Abyssal Knight began the quest for the
                  | Orb.
     0 | Abyss:1  | Reached XP level 1. HP: 20/20 MP: 0/0
    12 | Abyss:1  | Found a corrupted altar of Lugonu.
    30 | D:1      | Escaped the Abyss
   114 | D:2      | Noticed Terence
   417 | D:2      | Reached XP level 2. HP: 25/25 MP: 0/0
   444 | D:1      | Mangled by an iguana

Illustrated notes

Levels and vault maps discovered:
D:1:      dpeg_arrival_pits, layout_basic, minmay_tree_intersection
D:2:      layout_basic, basic_altar, uniq_terence

Action                   || total
-------------------------++-------
Melee: Falchion          ||    22
Armor: Leather armour    ||     6
Dodge: Dodged            ||    15
